| TOP OF THE 1ST |
|
New Orleans Zephyrs batting - Pitching for Sacramento River Cats : RHP George Kellum
|
|
Pitching: RHP George Kellum
|
|
|
Batting: LHB David Doge
|
0-0: Ball 1-0: Called Strike 1-1: Foul Ball, location: 2F 1-2: Foul Ball, location: 2F 1-2: Strikes out looking
|
|
Batting: RHB Rick Fell
|
0-0: Ball 1-0: Swinging Strike 1-1: Ball 2-1: Foul Ball, location: 2F 2-2: Foul Ball, location: 2F 2-2: SINGLE (Groundball, 25, EV 68.8 MPH) (infield hit)
|
|
Batting: RHB Manuel Taveras
|
0-0: SINGLE (Groundball, P, EV 85.6 MPH) (infield hit) Rick Fell to second
|
|
Batting: LHB Eric Bailey
|
0-0: Ball 1-0: Foul Ball, location: 2F 1-1: Foul Ball, location: 2F 1-2: Ball 2-2: Foul Ball, location: 2F 2-2: Ball 3-2: 3-RUN HOME RUN (Flyball, 9D, EV 97.5 MPH), Distance : 387 ft
|
|
Batting: RHB Isaiah Brockman
|
0-0: SOLO HOME RUN (Flyball, 78XD, EV 114.4 MPH), Distance : 450 ft
|
|
Batting: RHB Orlando Landa
|
0-0: Called Strike 0-1: Foul Ball, location: 2F 0-2: Foul Ball, location: 2F 0-2: Ball 1-2: Ball 2-2: Strikes out looking
|
|
Batting: RHB Torquato Obawole
|
0-0: Ball 1-0: Ground out 6-3 (Groundball, 4MS, EV 72.5 MPH)
|
| Top of the 1st over - 4 runs, 4 hits, 0 errors, 0 left on base; New Orleans 4 - Sacramento 0 |
| BOTTOM OF THE 1ST |
|
Sacramento River Cats batting - Pitching for New Orleans Zephyrs : LHP Jeff Tavella
|
|
Pitching: LHP Jeff Tavella
|
|
|
Batting: LHB Mason Duffy
|
0-0: Ground out 1-3 (Groundball, 34S, EV 60.6 MPH)
|
|
Batting: RHB Brian Rogers
|
0-0: Ball 1-0: Called Strike 1-1: DOUBLE (Line Drive, 9LM, EV 106.2 MPH)
|
|
Batting: RHB Bill Defazio
|
0-0: SINGLE (Groundball, 6M, EV 105.0 MPH) (infield hit) Brian Rogers to third
|
|
Batting: RHB Hugo Zacarias
|
0-0: Called Strike 0-1: Ball 1-1: Swinging Strike 1-2: Strikes out looking
|
|
Batting: LHB Ryan Braden
|
0-0: Ball Bill Defazio steals 2nd base (no throw) 1-0: Swinging Strike 1-1: Foul Ball, location: 2F 1-2: Ground out U3 (Groundball, 13, EV 91.9 MPH)
|
| Bottom of the 1st over - 0 runs, 2 hits, 0 errors, 2 left on base; New Orleans 4 - Sacramento 0 |
| TOP OF THE 2ND |
|
New Orleans Zephyrs batting - Pitching for Sacramento River Cats : RHP George Kellum
|
|
Batting: RHB Masumitsu Sugiura
|
0-0: Ball 1-0: Ball 2-0: Ball 3-0: Base on Balls
|
|
Batting: RHB John Jackson
|
0-0: Called Strike 0-1: Ball 1-1: Ball 2-1: Foul Ball, location: 2F 2-2: Fly out, F8 (Flyball, 8RD, EV 103.1 MPH)
|
|
Batting: LHB David Doge
|
0-0: Ball 1-0: Ball 2-0: Ball Masumitsu Sugiura is caught stealing 2nd base 2-6 3-0: Base on Balls
|
|
Batting: RHB Rick Fell
|
0-0: Ball 1-0: Foul Ball, location: 2F 1-1: Called Strike 1-2: Ball 2-2: Strikes out swinging
|
| Top of the 2nd over - 0 runs, 0 hits, 0 errors, 1 left on base; New Orleans 4 - Sacramento 0 |
| BOTTOM OF THE 2ND |
|
Sacramento River Cats batting - Pitching for New Orleans Zephyrs : LHP Jeff Tavella
|
|
Batting: RHB Dave Crouch
|
0-0: DOUBLE (Line Drive, 9LS, EV 96.2 MPH)
|
|
Batting: RHB Nick Wicker
|
0-0: Called Strike 0-1: Swinging Strike 0-2: Ball 1-2: SINGLE (Groundball, 56D, EV 95.6 MPH) Dave Crouch to third
|
|
Batting: RHB Justin Baldwin
|
0-0: Fly out, F3 (Line Drive, 3L, EV 63.8 MPH)
|
|
Batting: LHB Willie Ceniceros
|
0-0: Called Strike 0-1: Swinging Strike 0-2: Fly out, F8 (Line Drive, 8RD, EV 91.2 MPH) Runner from 3rd tags up, SCORES, throw by CF
|
|
Batting: LHB Mason Duffy
|
0-0: Called Strike 0-1: SINGLE (Groundball, 6MD, EV 101.9 MPH) Nick Wicker to second Runner from 2nd tries for 3rd, OUT after rundown.
|
| Bottom of the 2nd over - 1 run, 3 hits, 0 errors, 1 left on base; New Orleans 4 - Sacramento 1 |
| TOP OF THE 3RD |
|
New Orleans Zephyrs batting - Pitching for Sacramento River Cats : RHP George Kellum
|
|
Batting: RHB Manuel Taveras
|
0-0: Called Strike 0-1: Swinging Strike 0-2: Ball 1-2: Foul Ball, location: 2F 1-2: Hit by Pitch
|
|
Batting: LHB Eric Bailey
|
0-0: Ball 1-0: Ball 2-0: Called Strike 2-1: Ball 3-1: Base on Balls Manuel Taveras to second
|
|
Batting: RHB Isaiah Brockman
|
0-0: Ball 1-0: Ball 2-0: Ball 3-0: Called Strike 3-1: Called Strike 3-2: Base on Balls Manuel Taveras to third Eric Bailey to second
|
|
Batting: RHB Orlando Landa
|
0-0: Swinging Strike 0-1: Fielders Choice at 2nd, 4-6 (Groundball, 4, EV 83.8 MPH) Manuel Taveras scores Eric Bailey to third
|
|
Batting: RHB Torquato Obawole
|
0-0: Called Strike 0-1: Ball 1-1: Ball 2-1: Ball 3-1: Base on Balls Orlando Landa to second
|
|
Batting: RHB Masumitsu Sugiura
|
0-0: Called Strike 0-1: Foul Ball, location: 2F 0-2: Fly out, F8 (Flyball, 78M, EV 87.5 MPH)
|
|
Batting: RHB John Jackson
|
0-0: Called Strike 0-1: Swinging Strike 0-2: Ball 1-2: Strikes out swinging
|
| Top of the 3rd over - 1 run, 0 hits, 0 errors, 3 left on base; New Orleans 5 - Sacramento 1 |
| BOTTOM OF THE 3RD |
|
Sacramento River Cats batting - Pitching for New Orleans Zephyrs : LHP Jeff Tavella
|
|
Batting: RHB Brian Rogers
|
0-0: Ball 1-0: Called Strike 1-1: Ground out 6-3 (Groundball, 6, EV 87.5 MPH)
|
|
Batting: RHB Bill Defazio
|
0-0: Foul Ball, location: 2F 0-1: Foul Ball, location: 2F 0-2: Ball 1-2: Foul Ball, location: 2F 1-2: Foul Ball, location: 2F 1-2: Foul Ball, location: 2F 1-2: SINGLE (Groundball, 34D, EV 103.8 MPH)
|
|
Batting: RHB Hugo Zacarias
|
Pickoff Throw to First - Out! 1-3 CS 0-0: Ball 1-0: Swinging Strike 1-1: Ball 2-1: Ground out U3 (Groundball, 3L, EV 90.6 MPH)
|
| Bottom of the 3rd over - 0 runs, 1 hit, 0 errors, 0 left on base; New Orleans 5 - Sacramento 1 |
| TOP OF THE 4TH |
|
New Orleans Zephyrs batting - Pitching for Sacramento River Cats : RHP George Kellum
|
|
Batting: LHB David Doge
|
0-0: Called Strike 0-1: Foul Ball, location: 2F 0-2: Strikes out swinging
|
|
Batting: RHB Rick Fell
|
0-0: Foul Ball, location: 2F 0-1: Ball 1-1: Foul Ball, location: 2F 1-2: Foul Ball, location: 2F 1-2: Foul Ball, location: 2F 1-2: Foul Ball, location: 2F 1-2: Ground out 6-3 (Groundball, 6, EV 83.1 MPH)
|
|
Batting: RHB Manuel Taveras
|
0-0: Called Strike 0-1: Called Strike 0-2: Ball 1-2: Ball 2-2: Foul Ball, location: 2F 2-2: Ball 3-2: SOLO HOME RUN (Flyball, 9LD, EV 94.4 MPH), Distance : 365 ft
|
|
Pitching: RHP Adam Browne
|
|
|
Batting: LHB Eric Bailey
|
0-0: Foul Ball, location: 2F 0-1: Ball 1-1: Foul Ball, location: 2F 1-2: Ball 2-2: Strikes out swinging
|
| Top of the 4th over - 1 run, 1 hit, 0 errors, 0 left on base; New Orleans 6 - Sacramento 1 |
| BOTTOM OF THE 4TH |
|
Sacramento River Cats batting - Pitching for New Orleans Zephyrs : LHP Jeff Tavella
|
|
Batting: LHB Ryan Braden
|
0-0: Ball 1-0: Ball 2-0: Foul Ball, location: 2F 2-1: Foul Ball, location: 2F 2-2: Foul Ball, location: 2F 2-2: Ball 3-2: SINGLE (Groundball, P, EV 83.1 MPH) (infield hit)
|
|
Batting: RHB Dave Crouch
|
0-0: Fly out, F3 (Popup, 34S, EV 82.5 MPH)
|
|
Batting: RHB Nick Wicker
|
0-0: SINGLE (Groundball, 56D, EV 98.8 MPH) Ryan Braden to second
|
|
Batting: RHB Justin Baldwin
|
0-0: Ball 1-0: Grounds into double play, 5-4-3 (Groundball, 56S, EV 91.9 MPH)
|
| Bottom of the 4th over - 0 runs, 2 hits, 0 errors, 1 left on base; New Orleans 6 - Sacramento 1 |
| TOP OF THE 5TH |
|
New Orleans Zephyrs batting - Pitching for Sacramento River Cats : RHP Adam Browne
|
|
Batting: RHB Isaiah Brockman
|
0-0: Fly out, F9 (Line Drive, 9LM, EV 95.0 MPH)
|
|
Batting: RHB Orlando Landa
|
0-0: Ball 1-0: SINGLE (Groundball, 3S, EV 69.4 MPH) (infield hit)
|
|
Batting: RHB Torquato Obawole
|
0-0: Called Strike 0-1: Ball 1-1: Called Strike 1-2: Strikes out swinging
|
|
Batting: RHB Masumitsu Sugiura
|
0-0: Fly out, F9 (Flyball, 9S, EV 91.2 MPH)
|
| Top of the 5th over - 0 runs, 1 hit, 0 errors, 1 left on base; New Orleans 6 - Sacramento 1 |
| BOTTOM OF THE 5TH |
|
Sacramento River Cats batting - Pitching for New Orleans Zephyrs : LHP Jeff Tavella
|
|
Batting: LHB Willie Ceniceros
|
0-0: Foul Ball, location: 2F 0-1: Foul Ball, location: 2F 0-2: Ball 1-2: Strikes out swinging
|
|
Batting: LHB Mason Duffy
|
0-0: Called Strike 0-1: Swinging Strike 0-2: Foul Ball, location: 2F 0-2: Ball 1-2: Ground out U3 (Groundball, 34, EV 81.9 MPH)
|
|
Batting: RHB Brian Rogers
|
0-0: Swinging Strike 0-1: Ball 1-1: Foul Ball, location: 2F 1-2: Foul Ball, location: 2F 1-2: Ball 2-2: Strikes out looking
|
| Bottom of the 5th over - 0 runs, 0 hits, 0 errors, 0 left on base; New Orleans 6 - Sacramento 1 |
| TOP OF THE 6TH |
|
New Orleans Zephyrs batting - Pitching for Sacramento River Cats : RHP Adam Browne
|
|
Batting: RHB John Jackson
|
0-0: Ground out 3-1 (Groundball, 34, EV 101.9 MPH)
|
|
Batting: LHB David Doge
|
0-0: Fly out, F7 (Line Drive, 7LS, EV 103.1 MPH)
|
|
Batting: RHB Rick Fell
|
0-0: Swinging Strike 0-1: Ball 1-1: Foul Ball, location: 2F 1-2: SINGLE (Groundball, 6MD, EV 93.8 MPH)
|
|
Batting: RHB Manuel Taveras
|
0-0: Called Strike Rick Fell steals 2nd base 0-1: Ball 1-1: Foul Ball, location: 2F 1-2: Strikes out swinging, 2-3 out at first.
|
| Top of the 6th over - 0 runs, 1 hit, 0 errors, 1 left on base; New Orleans 6 - Sacramento 1 |
| BOTTOM OF THE 6TH |
|
Sacramento River Cats batting - Pitching for New Orleans Zephyrs : LHP Jeff Tavella
|
|
Batting: RHB Bill Defazio
|
0-0: Called Strike 0-1: Fly out, F9 (Flyball, 9LMF, EV 76.9 MPH)
|
|
Batting: RHB Hugo Zacarias
|
0-0: Ground out 4-3 (Groundball, 4, EV 83.1 MPH)
|
|
Batting: LHB Ryan Braden
|
0-0: Ball 1-0: Foul Ball, location: 2F 1-1: Ground out 4-3 (Groundball, 4, EV 100.6 MPH)
|
| Bottom of the 6th over - 0 runs, 0 hits, 0 errors, 0 left on base; New Orleans 6 - Sacramento 1 |
| TOP OF THE 7TH |
|
New Orleans Zephyrs batting - Pitching for Sacramento River Cats : RHP Adam Browne
|
|
Batting: LHB Eric Bailey
|
0-0: Called Strike 0-1: Fly out, F8 (Flyball, 8LM, EV 95.6 MPH)
|
|
Batting: RHB Isaiah Brockman
|
0-0: SINGLE (Line Drive, 6D, EV 99.4 MPH)
|
|
Batting: RHB Orlando Landa
|
0-0: Grounds into double play, 5-4-3 (Groundball, 56, EV 103.1 MPH)
|
| Top of the 7th over - 0 runs, 1 hit, 0 errors, 0 left on base; New Orleans 6 - Sacramento 1 |
| BOTTOM OF THE 7TH |
|
Sacramento River Cats batting - Pitching for New Orleans Zephyrs : LHP Jeff Tavella
|
|
Batting: RHB Dave Crouch
|
0-0: Ball 1-0: Called Strike 1-1: Called Strike 1-2: Ball 2-2: Foul Ball, location: 2F 2-2: Ground out 6-3 (Groundball, 6, EV 84.4 MPH)
|
|
Batting: RHB Nick Wicker
|
0-0: Called Strike 0-1: Foul Ball, location: 2F 0-2: Ball 1-2: Ball 2-2: Strikes out swinging
|
|
Batting: RHB Justin Baldwin
|
0-0: Ball 1-0: Ball 2-0: SINGLE (Groundball, 6M, EV 101.9 MPH) (infield hit)
|
|
Batting: LHB Willie Ceniceros
|
0-0: Ground out 4-3 (Groundball, 34D, EV 106.9 MPH)
|
| Bottom of the 7th over - 0 runs, 1 hit, 0 errors, 1 left on base; New Orleans 6 - Sacramento 1 |
| TOP OF THE 8TH |
|
New Orleans Zephyrs batting - Pitching for Sacramento River Cats : RHP Adam Browne
|
|
Batting: RHB Torquato Obawole
|
0-0: Swinging Strike 0-1: Called Strike 0-2: Ball 1-2: Strikes out looking
|
|
Batting: RHB Masumitsu Sugiura
|
0-0: Ball 1-0: DOUBLE (Flyball, 8LD, EV 98.1 MPH)
|
|
Batting: RHB John Jackson
|
0-0: Ball 1-0: Called Strike 1-1: Foul Ball, location: 2F 1-2: Ball 2-2: Ground out 6-3 (Groundball, 6D, EV 103.8 MPH)
|
|
Batting: LHB David Doge
|
0-0: Ball 1-0: Ball 2-0: Called Strike 2-1: SINGLE (Line Drive, 7S, EV 100.6 MPH) Masumitsu Sugiura to third
|
|
Batting: RHB Rick Fell
|
0-0: Foul Ball, location: 2F 0-1: Foul Ball, location: 2F 0-2: Ball 1-2: Foul Ball, location: 2F 1-2: Foul Ball, location: 2F 1-2: Foul Ball, location: 2F 1-2: Ball 2-2: Foul Ball, location: 2F 2-2: Fly out, F3 (Popup, 3, EV 78.1 MPH)
|
| Top of the 8th over - 0 runs, 2 hits, 0 errors, 2 left on base; New Orleans 6 - Sacramento 1 |
| BOTTOM OF THE 8TH |
|
Sacramento River Cats batting - Pitching for New Orleans Zephyrs : LHP Jeff Tavella
|
|
Batting: LHB Mason Duffy
|
0-0: Fly out, F9 (Flyball, 9D, EV 99.4 MPH)
|
|
Batting: RHB Brian Rogers
|
0-0: Ball 1-0: Ground out 5-3 (Groundball, 56, EV 83.8 MPH)
|
|
Batting: RHB Bill Defazio
|
0-0: Swinging Strike 0-1: Ball 1-1: Ball 2-1: SINGLE (Groundball, 4D, EV 103.1 MPH)
|
|
Batting: RHB Hugo Zacarias
|
0-0: Called Strike 0-1: Ball 1-1: Fielders Choice at 2nd, 6-4 (Groundball, 6, EV 93.1 MPH)
|
| Bottom of the 8th over - 0 runs, 1 hit, 0 errors, 1 left on base; New Orleans 6 - Sacramento 1 |
| TOP OF THE 9TH |
|
New Orleans Zephyrs batting - Pitching for Sacramento River Cats : RHP Adam Browne
|
|
Batting: RHB Manuel Taveras
|
0-0: Ball 1-0: Ball 2-0: Called Strike 2-1: SINGLE (Groundball, 56D, EV 95.6 MPH)
|
|
Pitching: LHP Jimmy Heinecke
|
|
|
Batting: LHB Eric Bailey
|
0-0: Ball 1-0: Ball 2-0: Ball Wild Pitch! Manuel Taveras to second 3-0: Called Strike 3-1: Base on Balls
|
|
Batting: RHB Isaiah Brockman
|
0-0: Ball Manuel Taveras steals 3rd base Eric Bailey to second 1-0: Ball 2-0: Ball 3-0: Base on Balls
|
|
Batting: RHB Orlando Landa
|
0-0: Called Strike 0-1: Called Strike 0-2: Ball 1-2: SINGLE (Flyball, 8LS, EV 93.8 MPH) Manuel Taveras scores Eric Bailey to third Isaiah Brockman to second Runner from 3rd tries for Home, SAFE, throw by CF to home
|
|
Batting: RHB Torquato Obawole
|
0-0: Ball 1-0: SINGLE (Line Drive, 4D, EV 100.0 MPH) Isaiah Brockman to third Orlando Landa to second
|
|
Batting: RHB Masumitsu Sugiura
|
0-0: Ball 1-0: Ball 2-0: DOUBLE (Line Drive, 89D, EV 111.9 MPH) Isaiah Brockman scores Orlando Landa scores Torquato Obawole to third
|
|
Batting: RHB John Jackson
|
0-0: Called Strike 0-1: Ground out 5-3 (Groundball, 56S, EV 69.4 MPH) Torquato Obawole scores Masumitsu Sugiura to third
|
|
Pitching: RHP Doug Kennie
|
|
|
Batting: LHB David Doge
|
0-0: Foul Ball, location: 2F 0-1: Ball 1-1: Ground out 4-3 (Groundball, 4M, EV 99.4 MPH) Masumitsu Sugiura scores
|
|
Batting: RHB Rick Fell
|
0-0: Ball 1-0: Called Strike 1-1: Ball 2-1: Swinging Strike 2-2: Fly out, F9 (Flyball, 89M, EV 91.9 MPH)
|
| Top of the 9th over - 6 runs, 4 hits, 0 errors, 0 left on base; New Orleans 12 - Sacramento 1 |
| BOTTOM OF THE 9TH |
|
Sacramento River Cats batting - Pitching for New Orleans Zephyrs : LHP Jeff Tavella
|
|
Batting: LHB Ryan Braden
|
0-0: Foul Ball, location: 2F 0-1: Ball 1-1: Called Strike 1-2: Ball 2-2: Strikes out swinging
|
|
Batting: RHB Dave Crouch
|
0-0: Ball 1-0: Ball 2-0: SINGLE (Line Drive, 9S, EV 109.4 MPH)
|
|
Batting: RHB Nick Wicker
|
0-0: Called Strike 0-1: Ball 1-1: Foul Ball, location: 2F 1-2: Ball 2-2: Foul Ball, location: 2F 2-2: Ball 3-2: Base on Balls Dave Crouch to second
|
|
Pitching: RHP Alberto Negrete
|
|
|
Batting: RHB Justin Baldwin
|
0-0: Swinging Strike 0-1: Fly out, F3 (Line Drive, 3L, EV 65.6 MPH)
|
|
Batting: LHB Willie Ceniceros
|
0-0: Swinging Strike 0-1: Ball 1-1: Fly out, F3 (Popup, 34, EV 69.4 MPH)
|
| Bottom of the 9th over - 0 runs, 1 hit, 0 errors, 2 left on base; New Orleans 12 - Sacramento 1 |
|